 Dungeon Crawl Stone Soup version 0.21-a0-128-gf2b353c (webtiles) character file.

3331 Celandrion the Vexing (level 10, -8/76 HPs)
             Began as a Human Arcane Marksman on July 16, 2017.
             Was a Believer of the Shining One.
             Mangled by an orc warrior
             ... wielding a +0 hand axe
              (17 damage)
             ... in a bailey.
             The game lasted 00:32:56 (12384 turns).

Celandrion the Vexing (Human Arcane Marksman)      Turns: 12384, Time: 00:32:57

Health: -8/76      AC:  6    Str: 11    XL:     10   Next: 22%
Magic:  16/18      EV: 15    Int: 19    God:    the Shining One [**....]
Gold:   184        SH:  0    Dex: 13    Spells: 14/20 levels left

rFire    . . .     SeeInvis .   o - +2 war axe (flame)
rCold    . . .     Gourm    .   (no shield)
rNeg     + . .     Faith    .   G - +2 leather armour of the Lobster {+Inv Str-5 Int+2}
rPois    .         Spirit   .   k - +0 helmet (curse)
rElec    .         Reflect  .   (no cloak)
rCorr    .         Harm     .   (no gloves)
MR       .....                  (no boots)
Stlth    +.........             (no amulet)
HPRegen  0.22/turn              D - ring of wizardry
MPRegen  0.16/turn              F - +5 ring of strength

@: glowing
A: no striking features
a: Divine Shield, Renounce Religion, Evoke Invisibility


You were in a bailey.
You worshipped the Shining One.
The Shining One was pleased with you.
You were not hungry.

You visited 2 branches of the dungeon, and saw 9 of its levels.
You also visited: Bailey.

You collected 377 gold pieces.
You spent 193 gold pieces at shops.

Inventory:

Hand Weapons
 a - a +1 hunting sling
 o - a +2 war axe of flaming (weapon)
Missiles
 d - 21 sling bullets
 m - 142 stones (quivered)
Armour
 k - a cursed +0 helmet (worn)
 G - the +2 leather armour of the Lobster (worn) {+Inv Str-5 Int+2}
   (You bought it in a shop on level 6 of the Dungeon)

   It affects your strength (-5).
   It affects your intelligence (+2).
   It lets you turn invisible.
Jewellery
 D - a ring of wizardry (left hand)
 F - a +5 ring of strength (right hand)
Wands
 w - a wand of flame (13/48)
 B - a wand of lightning (3/15)
 C - a wand of enslavement (11/24)
Scrolls
 e - 2 scrolls of magic mapping
 g - 7 scrolls of identify
 n - 4 scrolls of remove curse
 p - 2 scrolls of amnesia
 t - 3 scrolls of enchant armour
 x - a scroll of fear
 A - 2 scrolls of teleportation
Potions
 h - 3 potions of mutation
 i - 2 potions of might
 j - a potion of flight
 l - a potion of haste
 u - 3 potions of agility
 v - 2 potions of invisibility
 z - a potion of brilliance
 E - 2 potions of ambrosia
Books
 c - a book of Debilitation

   Spells                             Type                      Level
   a - Corona                         Hexes                        1
   b - Slow                           Hexes                        2
   c - Inner Flame                    Hexes/Fire                   3
   d - Portal Projectile              Hexes/Translocation          3
   e - Cause Fear                     Hexes                        4
   f - Leda's Liquefaction            Hexes/Earth                  4
Comestibles
 b - 10 chunks of flesh
 f - 8 bread rations
 q - 6 meat rations


   Skills:
 + Level 6.3 Fighting
 + Level 2.3 Axes
 - Level 2.0 Slings
 - Level 4.4 Armour
 + Level 6.5 Dodging
 + Level 5.7 Spellcasting
 + Level 6.7 Hexes
 - Level 2.5 Invocations


You had 14 spell levels left.
You knew the following spells:

 Your Spells              Type           Power        Failure   Level  Hunger
a - Corona                Hex            ####...      1%          1    None
b - Slow                  Hex            ####....     1%          2    None
c - Portal Projectile     Hex/Tloc       ###...       4%          3    ##.....


Dungeon Overview and Level Annotations

Branches:
Dungeon (8/15)             Temple (1/1) D:5
   Lair: D:8-11

Altars:
Ashenzari
Dithmenos
Elyvilon
Gozag
Hepliaklqana
Kikubaaqudgha
Makhleb
Nemelex Xobeh
Qazlal
Ru
Sif Muna
Trog
Uskayaw
Vehumet
Wu Jian
Xom
Yredelemnul
Zin
The Shining One

Shops:
D:6 [![[


Message History

There is a gate leading back out of this place here.
Things that are here:
a hand axe; a leather armour You feel better.
You slash the orc warrior! You burn the orc warrior.
The orc warrior is severely wounded.
The orc warrior closely misses you.
You barely miss the orc warrior.
The orc warrior is severely wounded.
The orc warrior hits you but does no damage.
You barely miss the orc warrior.
The orc warrior is severely wounded.
The orc warrior hits you with a hand axe!
* * * LOW HITPOINT WARNING * * *
You barely miss the orc warrior.
The orc warrior is severely wounded.
You hit the orc warrior but do no damage.
The orc warrior is severely wounded.
The orc warrior hits you with a hand axe!
You die...

▓▓▓▓▓
▓▓▓(∩.▓▓▓
▓)▓...▓)▓
▓▓▓.@.▓▓▓
######o######
#....≈K≈....#
#'###≈g≈###'#
#....≈g≈....#
#'###≈g≈###'#
#^...≈g≈...^#
#'###≈o≈###'#
#...(≈(≈(...#


You could see 2 orc warriors, 2 gnolls, 2 hobgoblins and a kobold.

Vanquished Creatures
  A hornet (D:7)
  Grinder (D:5)
  A hippogriff (D:7)
  Eustachio (D:6)
  5 orc warriors
  An ice beast (D:5)
  A sky beast (D:5)
  2 ogres
  3 phantoms
  A centaur (D:7)
  3 bullfrogs
  2 howler monkeys
  3 crimson imps
  A bullfrog zombie (D:5)
  5 hounds
  2 centaur zombies
  3 orc priests
  2 jellies (D:6)
  4 orc wizards
  3 iguanas
  2 worker ants
  A killer bee zombie (D:7)
  2 hound zombies
  2 hound skeletons
  Robin (D:2)
  5 gnolls
  14 adders
  3 oozes (D:2)
  An adder zombie (D:8)
  An adder skeleton (D:6)
  A dart slug (D:1)
  A worm (D:3)
  10 leopard geckos
  20 orcs
  5 ball pythons
  12 bats
  3 giant cockroaches
  26 goblins
  9 hobgoblins
  17 jackals
  17 kobolds
  A quokka (D:4)
  8 frilled lizards
  A giant cockroach zombie (D:5)
  A leopard gecko skeleton (D:5)
  11 rats
220 creatures vanquished.

Notes
Turn   | Place    | Note
-------+----------+-------------------------------------------
     0 | D:1      | Celandrion the Human Arcane Marksman began the quest for the Orb.
     0 | D:1      | Reached XP level 1. HP: 15/15 MP: 2/2
   427 | D:1      | Reached XP level 2. HP: 8/21 MP: 1/3
   631 | D:1      | Learned a level 2 spell: Slow
   761 | D:1      | Reached XP level 3. HP: 26/26 MP: 5/5
   794 | D:1      | Reached skill level 1 in Armour
  1757 | D:2      | Reached XP level 4. HP: 32/32 MP: 6/6
  2042 | D:2      | Noticed Robin
  2184 | D:2      | Killed Robin
  2592 | D:2      | Reached XP level 5. HP: 38/38 MP: 8/8
  3669 | D:2      | Noticed a phantom
  3703 | D:2      | Killed a phantom
  3703 | D:2      | Reached XP level 6. HP: 45/46 MP: 9/9
  4820 | D:3      | Reached XP level 7. HP: 52/52 MP: 11/11
  5012 | D:3      | Learned a level 3 spell: Portal Projectile
  6251 | D:5      | Entered Level 5 of the Dungeon
  6251 | D:5      | Found a staircase to the Ecumenical Temple.
  6261 | Temple   | Entered the Ecumenical Temple
  6454 | Temple   | Became a worshipper of the Shining One
  6828 | D:5      | Reached XP level 8. HP: 58/59 MP: 10/13
  7274 | D:5      | Found an ornate altar of the Wu Jian Council.
  7357 | D:5      | Noticed Grinder
  7368 | D:5      | Paralysed by Grinder for 5 turns
  7398 | D:5      | Killed Grinder
  7398 | D:5      | Reached skill level 5 in Hexes
  7766 | D:5      | Reached * piety under the Shining One
  8633 | D:6      | Reached skill level 5 in Dodging
  8633 | D:6      | Reached XP level 9. HP: 54/66 MP: 15/15
  8946 | D:6      | Found Zuzxot's Antique Armour Emporium.
  8973 | D:6      | Bought a polished leather armour for 182 gold pieces
  8983 | D:6      | Identified the +2 leather armour of the Lobster {+Inv Str-5 Int+2} (You bought it in a shop on level 6 of the Dungeon)
  9045 | D:6      | Found Xiemilaa's Distillery.
  9049 | D:6      | Bought a potion of degeneration for 11 gold pieces
  9126 | D:6      | Found Ucwuci's Antique Armour Shop.
  9175 | D:6      | Noticed Eustachio
  9201 | D:6      | Killed Eustachio
  9363 | D:6      | Found Denokud's Armour Boutique.
  9377 | D:6      | Reached skill level 5 in Fighting
  9454 | D:6      | Reached skill level 1 in Invocations
 10140 | D:7      | Noticed a hippogriff
 10160 | D:7      | Killed a hippogriff
 10552 | D:7      | Reached skill level 5 in Spellcasting
 10733 | D:7      | Noticed a hornet
 10735 | D:7      | Paralysed by a hornet for 3 turns
 10738 | D:7      | Killed a hornet
 10832 | D:7      | Got an iridescent flail
 10833 | D:7      | Identified the +6 flail "Cocuc" {crush, *Rage Int+8} (You found it on level 7 of the Dungeon)
 10981 | D:7      | Reached skill level 1 in Axes
 11462 | D:7      | Reached XP level 10. HP: 46/76 MP: 16/18
 11779 | D:8      | Reached ** piety under the Shining One
 11989 | D:8      | Found a flagged portal.
 12000 | Bailey   | Entered a bailey
 12384 | Bailey   | Mangled by an orc warrior

Vault maps used:
D:1:      tarquinn_simple_flora_water_e
D:2:      small_statue_intersection, uniq_robin
D:5:      nicolae_overflow_crystal_walls, minmay_temple_entry_butterflies,
          first_bread, uniq_grinder
D:6:      serial_shops, shop, shop, shop, nicolae_shop_behind_doors,
          minmay_small_thing, uniq_eustachio
D:7:      st_stairs_1
D:8:      grunt_temple_overflow_open, enter_bailey_3, serial_shops,
          nicolae_shop_behind_doors
Temple:   dpeg_five_rooms_temple
Bailey:   bailey_axe_1, bailey

Skill      XL: |  1  2  3  4  5  6  7  8  9 10 |
---------------+-------------------------------+-----
Armour         | 1 2 3 4 |  4.4
Spellcasting   | 2 3 4 5 |  5.7
Fighting       | 2 3 4 5 6 |  6.3
Dodging        | 3 4 5 6 |  6.5
Hexes          | 4 5 6 |  6.7
Invocations    | 2 |  2.5
Axes           | 1 2 |  2.3
Slings         | |  2.0

Action                   |  1- 3 |  4- 6 |  7- 9 | 10-12 || total
-------------------------+-------+-------+-------+-------++-------
Melee: Spear             |    54 |   164 |   422 |       ||   640
       War axe           |       |       |    38 |    73 ||   111
 Fire: Hunting sling     |    19 |    55 |    41 |    20 ||   135
Throw: Stone             |       |     1 |     1 |       ||     2
 Cast: Corona            |     1 |     5 |    19 |     1 ||    26
       Slow              |       |       |    12 |     4 ||    16
Evoke: Wand              |       |       |     7 |       ||     7
  Use: Scroll            |     3 |    12 |    10 |     2 ||    27
       Potion            |       |     1 |     2 |     5 ||     8
  Eat: Chunk             |     2 |     6 |    18 |     3 ||    29
       Bread ration      |       |     1 |       |       ||     1
       Royal jelly       |       |       |     1 |       ||     1
       Fruit             |       |       |     2 |       ||     2
Armor: Robe              |     4 |     3 |       |       ||     7
       Animal skin       |       |    20 |       |       ||    20
       Leather armour    |       |     8 |   105 |    13 ||   126
Dodge: Dodged            |    36 |    98 |   296 |    72 ||   502
